 Dungeon Crawl Stone Soup version 0.30.0-10-gfe55d96785 (webtiles) character file.

Game seed: 12046139928002905063

137 shadowrider38 the Conjurer (level 5, 35/35 HPs)
             Began as a Demonspawn Conjurer on May 15, 2023.
             Quit the game on level 3 of the Dungeon.
             The game lasted 00:03:28 (2623 turns).

shadowrider38 the Conjurer (Demonspawn Conjurer)    Turns: 2623, Time: 00:03:29

Health: 35/35      AC:  4    Str:  7    XL:     5   Next: 0%
Magic:  6/10       EV: 12    Int: 21    God:
Gold:   111        SH:  0    Dex: 12    Spells: 8/11 levels left

rFire   + . .        a - +4 short sword (elec)
rCold   . . .        (no shield)
rNeg    . . .        m - +0 robe
rPois   .            (no helmet)
rElec   .            (no cloak)
rCorr   .            (no gloves)
SInv    .            j - +0 pair of boots
Will    .....        (no amulet)
Stlth   ++           f - ring of protection from fire
HPRegen 0.25/turn    (no ring)
MPRegen 0.12/turn

%: no passive effects
@: no status effects
A: ignite blood 1, powered by pain 1, sharp scales 1
a: no special abilities


You were on level 3 of the Dungeon.
You visited 1 branch of the dungeon, and saw 3 of its levels.

You collected 111 gold pieces.

Inventory:

Hand Weapons
 a - a +4 short sword of electrocution (weapon)
Armour
 j - a +0 pair of boots (worn)
 m - a +0 robe (worn)
Magical Staves
 e - a staff of air
Jewellery
 f - a ring of protection from fire (left hand)
Scrolls
 d - a scroll of enchant armour {unknown}
 g - a scroll of noise {unknown}
 h - 2 scrolls of poison {unknown}
 i - a scroll of butterflies {unknown}
 k - a scroll of enchant weapon
 p - a scroll of fear {unknown}
 T - 2 scrolls of teleportation
Potions
 b - 3 potions of magic
 c - 3 potions of lignification {unknown}
 l - a potion of haste {unknown}
 n - 2 potions of heal wounds {unknown}
 o - a potion of ambrosia {unknown}
 q - a potion of might {unknown}
 Q - a potion of curing


   Skills:
 - Level 1.7 Dodging
 - Level 1.7 Stealth
 + Level 3.6 Spellcasting
 + Level 5.3 Conjurations


You had 8 spell levels left.
You knew the following spells:

 Your Spells              Type           Power      Damage    Failure   Level
a - Magic Dart            Conj           100%       1d8       1%          1
b - Searing Ray           Conj           52%        2d6       2%          2

Your spell library contained the following spells:

 Spells                   Type           Power      Damage    Failure   Level
 Freeze                   Ice            12%        1d3       13%         1
 Dazzling Flash           Conj/Hex       28%        N/A       13%         3
 Hailstorm                Conj/Ice       14%        3d5       13%         3
 Frozen Ramparts          Ice            6%         1d1       36%         3
 Fulminant Prism          Conj/Hex       7%         3d7       38%         4
 Iskenderun's Mystic Bla  Conj/Tloc      14%        2d5       38%         4


Dungeon Overview and Level Annotations

Branches:
Dungeon (3/15)

Altars:
Fedhas
Wu Jian


Innate Abilities, Weirdness & Mutations

Your demonic aura sometimes causes spilled blood to erupt in flames.
You sometimes gain a little power by taking damage.
You are partially covered in razor-sharp scales. (AC +1, Slay +1)


Message History

Unknown command.
Casting: Searing Ray (safe; 2% risk of failure)
Confirm with . or Enter, or press ? or * to list all spells.
Aiming: Searing Ray (safe; 2% risk of failure)
Press: ? - help, Shift-Dir - straight line, f/p - adder
Aim: an adder (almost dead, 66% to hit)
The searing ray hits the adder!
You kill the adder! (Press . to maintain the ray.)
You feel sick.
You feel sick.
You start resting.
You feel sick. x3
You are no longer poisoned.
Key pressed, stopping explore.
You start resting.
HP restored.
Magic restored.
There is an open door here.
Found a mace.
Found an ornate altar of the Wu Jian Council.
You now have 111 gold pieces (gained 12).
A goblin comes into view. It is wielding a +0 club.
A frilled lizard comes into view.
The magic dart hits the goblin.
The goblin is heavily wounded.
The goblin shouts!
The frilled lizard hisses angrily.
You hear an angry hiss.
A quokka comes into view.
An adder comes into view.
The goblin unwields a +0 club.
The goblin wields a +0 sling.
The goblin shoots a sling bullet.
The sling bullet hits you.
The quokka moves out of view.
Casting: Magic Dart (safe; 1% risk of failure)
Confirm with . or Enter, or press ? or * to list all spells.
Aiming: Searing Ray (safe; 2% risk of failure)
Press: ? - help, Shift-Dir - straight line The searing ray hits the adder.
The adder is heavily wounded.
The searing ray hits the frilled lizard.
You kill the frilled lizard! (Press . to maintain the ray.)
The adder misses you.
You have reached level 5!
Your demonic ancestry asserts itself...
You feel energised by your suffering.
The searing ray misses the adder.
The adder bites you but does no damage.
Casting: Searing Ray (safe; 2% risk of failure)
Confirm with . or Enter, or press ? or * to list all spells.
Okay, then.
Unknown command.
Are you sure you want to abandon this character and quit the game? (Confirm with "yes".)

#### ...# ##### ##.#
######..... ...# #####
##@S†....... #.####...##
###..#.....§§.
.....'....###...##.....≈≈.
######.....##.###..≈≈.....
. #...#....# #..≈≈..... .#
#...####)..#......_.. ..
#...# #####......... ###
#...# #...##.... ####
##### ##..# ..♣♣


You could see an adder.

Vanquished Creatures
  Terence (D:3)
  5 adders
  3 worms (D:2)
  2 dart slugs
  4 endoplasms
  3 giant cockroaches (D:1)
  7 goblins
  5 hobgoblins
  3 ball pythons
  5 bats
  5 frilled lizards
  8 kobolds
  4 rats
55 creatures vanquished.

Notes
Turn   | Place    | Note
-------+----------+-------------------------------------------
     0 | D:1      | shadowrider38 the Demonspawn Conjurer began the quest for
                  | the Orb.
     0 | D:1      | Reached XP level 1. HP: 13/13 MP: 3/3
     0 | D:1      | aesen: cast shatter
    16 | D:1      | shadowrider38: im trying
    16 | D:1      | shadowrider38: really hard
   227 | D:1      | Gained mutation: Your demonic aura sometimes causes spilled
                  | blood to erupt in flames. [demonic ancestry]
   227 | D:1      | Reached XP level 2. HP: 19/19 MP: 3/5
   281 | D:1      | aesen: fire blood is fine too
   738 | D:1      | Learned a level 2 spell: Searing Ray
  1019 | D:1      | Found a faded altar of an unknown god.
  1350 | D:2      | Gained mutation: You are partially covered in razor-sharp
                  | scales. (AC +1, Slay +1) [demonic ancestry]
  1350 | D:2      | Reached XP level 3. HP: 24/24 MP: 5/7
  1391 | D:2      | Found a blossoming altar of Fedhas.
  1443 | D:2      | Reached skill level 3 in Spellcasting
  1467 | D:2      | aesen: scales arent tier 2
  1526 | D:2      | aesen: and neither are body muts
  1798 | D:2      | Reached XP level 4. HP: 30/30 MP: 3/8
  1974 | D:2      | Reached skill level 5 in Conjurations
  2387 | D:3      | Noticed Terence
  2395 | D:3      | Killed Terence
  2607 | D:3      | Found an ornate altar of the Wu Jian Council.
  2622 | D:3      | Gained mutation: You sometimes gain a little power by
                  | taking damage. [demonic ancestry]
  2622 | D:3      | Reached XP level 5. HP: 35/35 MP: 6/10
  2623 | D:3      | aesen: damn
  2623 | D:3      | shadowrider38: rip
  2623 | D:3      | Quit the game

Illustrated notes

Levels and vault maps discovered:
D:1:      wheals_arrival_shading, layout_basic,
          hellmonk_ecumenical_altar_lost_god, st_stairs_12
D:2:      layout_basic, basic_altar, minmay_box_of_dots
D:3:      layout_basic, nicolae_wu_jian_wuxing_cycle, minmay_door_square,
          grunt_ministairs_8, nicolae_elevator_lobby_asterisk, uniq_terence

Skill      XL: |  1  2  3  4 |
---------------+-------------+-----
Spellcasting   | 3 |  3.6
Conjurations   | 5 |  5.3
Dodging        | |  1.7
Stealth        | |  1.7

Action                     |  1- 3 |  4- 6 || total
---------------------------+-------+-------++-------
  Melee: Unarmed           |    15 |       ||    15
         Dagger            |     5 |       ||     5
         Short sword       |       |     3 ||     3
   Cast: Magic Dart        |    76 |    29 ||   105
         Searing Ray       |     1 |     7 ||     8
    Use: Scroll            |     3 |       ||     3
 Armour: Robe              |     4 |     4 ||     8
  Dodge: Dodged            |    20 |     8 ||    28
